 Dungeon Crawl Stone Soup version 0.28.0 (webtiles) character file.

Game seed: 3131433124486430619

4281 Elvor the Fighter (level 10, -3/66 HPs)
             Began as a Gargoyle Fighter on Feb 15, 2022.
             Was an Elder of Okawaru.
             Slain by a chaos spawn (13 damage)
             ... on level 9 of the Dungeon.
             The game lasted 01:11:59 (8849 turns).

Elvor the Fighter (Gargoyle Fighter)                Turns: 8849, Time: 01:12:00

Health: -3/66      AC: 33    Str: 24    XL:     10   Next: 32%
Magic:  10/10      EV: 12    Int:  9    God:    Okawaru [****..]
Gold:   299        SH:  5    Dex:  9    Spells: 6/9 levels left

rFire   + . .      SeeInvis .   H - +2 flail (protect)
rCold   . . .      Faith    .   c - +0 buckler
rNeg    + . .      Spirit   .   i - +0 plate armour
rPois   ∞          Reflect  .   G - +0 helmet
rElec   +          Harm     .   p - +0 cloak
rCorr   .          Rampage  .   (no gloves)
Will    .....                   y - +1 pair of boots
Stlth   ..........              (no amulet)
HPRegen 0.21/turn               x - ring of flight
MPRegen 0.12/turn               B - ring of protection from fire

@: agile, under a protective aura, flying
A: sickness immunity, AC +7, negative energy resistance 1, electricity
resistance, torment resistance 1, petrification resistance
a: Renounce Religion, Heroism, Finesse


You were on level 9 of the Dungeon.
You worshipped Okawaru.
Okawaru was greatly pleased with you.
You visited 2 branches of the dungeon, and saw 10 of its levels.

You collected 357 gold pieces.
You spent 58 gold pieces at shops.

Inventory:

Hand Weapons
 n - a +0 hunting sling
 H - a +2 flail of protection (weapon)
Missiles
 f - 53 sling bullets
 h - 208 stones
 v - 2 boomerangs of dispersal
 F - 2 poisoned darts
Armour
 a - +0 steam dragon scales
 c - a +0 buckler (worn)
 i - a +0 plate armour (worn)
 p - a +0 cloak (worn)
 y - a +1 pair of boots (worn)
 D - a +3 leather armour of positive energy
 G - a +0 helmet (worn)
Jewellery
 s - a ring of protection from fire
 x - a ring of flight (left hand)
 B - a ring of protection from fire (right hand)
Wands
 E - a wand of flame (31) (quivered)
Scrolls
 b - a scroll of noise
 e - 2 scrolls of fog
 j - 2 scrolls of vulnerability
 l - 2 scrolls of magic mapping
 m - a scroll of immolation {unknown}
 o - a scroll of teleportation
 q - a scroll of brand weapon {unknown}
 r - 3 scrolls of fear
 z - 2 scrolls of enchant armour {unknown}
 A - 3 scrolls of amnesia
Potions
 d - a potion of attraction
 g - a potion of ambrosia
 k - 4 potions of mutation
 t - a potion of curing
 w - a potion of lignification
 C - a potion of flight {unknown}


   Skills:
 * Level 9.2 Fighting
 + Level 8.6 Maces & Flails
 + Level 1.8 Throwing
 + Level 8.1 Armour
 + Level 1.9 Dodging
 + Level 1.4 Stealth
 + Level 5.7 Shields
 + Level 0.4 Invocations
 + Level 1.6 Evocations


You had 6 spell levels left.
You knew the following spells:

 Your Spells              Type           Power      Damage    Failure   Level
a - Mephitic Cloud        Conj/Pois/Air  0%         N/A       100%        3

Your spell library contained the following spells:

 Spells                   Type           Power      Damage    Failure   Level
 Foxfire                  Conj/Fire      0%         2x1d4     100%        1
 Confusing Touch          Hex            0%         N/A       100%        3
 Conjure Flame            Conj/Fire      0%         6-21      100%        3
 Gell's Gravitas          Tloc           0%         N/A       100%        3
 Ignite Poison            Fire/Tmut/Pois 0%         N/A       100%        3
 Inner Flame              Hex/Fire       0%         N/A       100%        3
 Teleport Other           Tloc           0%         N/A       100%        3
 Anguish                  Hex/Necr       0%         N/A       100%        4
 Cause Fear               Hex            0%         N/A       100%        4
 Flame Wave               Conj/Fire      0%         2d4       100%        4
 Passage of Golubria      Tloc           0%         N/A       100%        4
 Freezing Cloud           Conj/Ice/Air   0%         6-21      100%        5
 Silence                  Hex/Air        0%         N/A       100%        5
 Yara's Violent Unravell  Hex/Tmut       0%         3d3       100%        5
 Dispersal                Tloc           0%         N/A       100%        6
 Dragon Form              Tmut           0%         N/A       100%        7
 Enfeeble                 Hex            0%         N/A       100%        7
 Lehudib's Crystal Spear  Conj/Erth      0%         10d2      100%        8
 Tukima's Dance           Hex            Unusable   N/A       N/A         3
 Dragon's Call            Summ           Unusable   N/A       N/A         9

Dungeon Overview and Level Annotations

Branches:
Dungeon (9/15)             Temple (1/1) D:5
   Lair: D:8-11         Orc: D:9-12

Altars:
Ashenzari
Cheibriados
Dithmenos
Elyvilon
Fedhas
Gozag
Hepliaklqana
Makhleb
Nemelex Xobeh
Okawaru
Qazlal
Ru
Sif Muna
Trog
Uskayaw
Vehumet
Wu Jian
Xom
Yredelemnul
Zin
The Shining One

Shops:
D:4 ?

Annotations:
D:8 RED!


Innate Abilities, Weirdness & Mutations

You are immune to sickness and miasma.
Your stone body is resilient. (AC +7)
You are immune to poison.
You resist negative energy. (rN+)
You are resistant to electric shocks. (rElec)
You are resistant to unholy torment.
You are immune to petrification.


Message History

Aiming: Throw Flame
Press: ? - help, Q - select action, (/) - cycle Shift-Dir - straight line, f/p - chaos spawn
Aim: a chaos spawn (lightly wounded, 64% to hit)
The puff of flame misses the chaos spawn.
You completely miss the chaos spawn.
The chaos spawn is lightly wounded.
The chaos spawn hits you but does no damage.
You closely miss the chaos spawn.
The chaos spawn is lightly wounded.
The chaos spawn hits you!
You feel agile all of a sudden.
You miss the chaos spawn.
The chaos spawn is lightly wounded.
The chaos spawn hits you! The chaos spawn shocks you. You resist.
You closely miss the chaos spawn.
The chaos spawn is lightly wounded.
The chaos spawn barely misses you.
You sock the chaos spawn!
Your weapon exudes an aura of protection.
The chaos spawn is heavily wounded.
The chaos spawn hits you but does no damage.
You sock the chaos spawn!
The chaos spawn is severely wounded.
The chaos spawn gores you but does no damage.
You miss the chaos spawn.
The chaos spawn is severely wounded.
The chaos spawn barely misses you.
You hit the chaos spawn.
The chaos spawn is almost dead.
The chaos spawn barely misses you.
You closely miss the chaos spawn.
The chaos spawn is almost dead.
The chaos spawn hits you! The chaos spawn freezes you!
* * * LOW HITPOINT WARNING * * *
You hit the chaos spawn but do no damage.
The chaos spawn is almost dead.
The chaos spawn hits you.
* * * LOW HITPOINT WARNING * * *
The chaos spawn freezes you!
You die...

####'#### ##+###
........# #....#
........#####....#
........'..##....#
........##..'....+
........#####.(..#
........# ###'##
........# #..#
#+####### ##@###
#.4.# ###.#
#........[..#
........:###..#
##........
#.#.≈..'..
#..8..8.#≈#
#....#..♣...


You could see a chaos spawn.

Vanquished Creatures
  2 cyclopes (D:8)
  Joseph (D:7)
  Psyche (D:8)
  A kobold demonologist (D:8)
  3 wyverns (D:7)
  A chaos spawn (D:9)
  3 steam dragons
  Duvessa (D:7)
  A sky beast (D:5)
  2 ice beasts
  A necrophage (D:7)
  2 ogres
  2 phantoms (D:4)
  2 bullfrogs
  A scorpion (D:6)
  Dowan (D:7)
  A howler monkey (D:7)
  A bullfrog zombie (D:6)
  Crazy Yiuf (D:6)
  2 bullfrog skeletons
  An orc priest (D:6)
  2 hounds
  4 iguanas
  6 orc wizards
  2 hound skeletons (D:4)
  A howler monkey zombie (D:6)
  5 adders
  3 gnolls (D:2)
  A howler monkey skeleton (D:6)
  A shadow imp (D:6)
  An ufetubus (D:6)
  2 worms (D:4)
  4 dart slugs
  22 orcs
  5 bats
  4 endoplasms
  3 giant cockroaches
  5 goblins
  3 hobgoblins
  9 jackals (D:2)
  8 quokkas
  7 ball pythons
  3 frilled lizards
  3 kobolds
  2 rats
137 creatures vanquished.

Notes
Turn   | Place    | Note
-------+----------+-------------------------------------------
     0 | D:1      | Elvor the Gargoyle Fighter began the quest for the Orb.
     0 | D:1      | Reached XP level 1. HP: 14/14 MP: 1/1
   105 | D:1      | Reached XP level 2. HP: 19/19 MP: 2/2
   694 | D:2      | Reached skill level 4 in Fighting
   694 | D:2      | Reached XP level 3. HP: 17/24 MP: 3/3
   841 | D:2      | Reached XP level 4. HP: 27/30 MP: 4/4
   850 | D:2      | Found a glowing silver altar of Zin.
  1471 | D:3      | Reached XP level 5. HP: 34/34 MP: 5/5
  1477 | D:3      | You fall into a shaft and drop 1 floor!
  1555 | D:4      | Noticed a phantom
  1576 | D:4      | Killed a phantom
  1577 | D:4      | Reached skill level 5 in Fighting
  1646 | D:4      | Noticed a phantom
  1805 | D:3      | Learned a level 3 spell: Mephitic Cloud
  2508 | D:4      | Reached XP level 6. HP: 26/40 MP: 6/6
  2774 | D:4      | Found Jihif's Magic Scroll Shop.
  2782 | D:4      | Bought a scroll of fear for 45 gold pieces
  2782 | D:4      | Bought a scroll of noise for 13 gold pieces
  2934 | D:4      | Reached skill level 1 in Throwing
  3043 | D:5      | Entered Level 5 of the Dungeon
  3063 | D:5      | Found a shadowy altar of Dithmenos.
  3096 | D:5      | Noticed a sky beast
  3124 | D:5      | Killed a sky beast
  3125 | D:5      | Reached XP level 7. HP: 40/45 MP: 7/7
  3160 | D:5      | Found a staircase to the Ecumenical Temple.
  3172 | Temple   | Entered the Ecumenical Temple
  3240 | Temple   | Became a worshipper of Warmaster Okawaru
  3561 | D:5      | Reached skill level 5 in Maces & Flails
  3600 | D:5      | Reached skill level 6 in Fighting
  3835 | D:5      | Found an ornate altar of the Wu Jian Council.
  4210 | D:6      | Reached skill level 1 in Dodging
  4218 | D:6      | Reached skill level 1 in Stealth
  4232 | D:6      | Reached * piety under Okawaru
  4233 | D:6      | Reached XP level 8. HP: 30/52 MP: 8/8
  4959 | D:6      | Found a runed translucent door.
  4960 | D:6      | Noticed Crazy Yiuf
  4976 | D:6      | Killed Crazy Yiuf
  4977 | D:6      | Reached skill level 7 in Fighting
  4977 | D:6      | Reached skill level 5 in Armour
  5615 | D:7      | Noticed a wyvern
  5828 | D:7      | Noticed Joseph
  6085 | D:7      | Found a snail-covered altar of Cheibriados.
  6332 | D:7      | Noticed a wyvern
  6345 | D:7      | Killed a wyvern
  6345 | D:7      | Reached ** piety under Okawaru
  6373 | D:7      | Noticed Dowan
  6377 | D:7      | Reached XP level 9. HP: 43/58 MP: 9/9
  6534 | D:7      | Noticed Duvessa
  6557 | D:7      | Killed Duvessa
  6770 | D:7      | Killed Dowan
  6823 | D:7      | Reached skill level 8 in Fighting
  6941 | D:7      | Killed Joseph
  6942 | D:7      | Reached skill level 5 in Shields
  7121 | D:8      | Noticed a kobold demonologist
  7122 | D:8      | Noticed a brown ugly thing
  7189 | D:8      | Noticed a deep elf pyromancer
  7190 | D:8      | Noticed a red ugly thing
  7192 | D:8      | Noticed a deep elf pyromancer
  7193 | D:8      | Noticed a kobold demonologist
  7224 | D:8      | Noticed a cyclops
  7323 | D:8      | Killed a cyclops
  7323 | D:8      | Reached *** piety under Okawaru
  7324 | D:8      | Reached skill level 1 in Evocations
  7396 | D:8      | Noticed a kobold demonologist
  7429 | D:8      | Noticed a sun demon
  7436 | D:8      | HP: 1/60 [sun demon[a kobold demonologist] (15)]
  7898 | D:8      | Noticed a cyclops
  8354 | D:8      | Killed a kobold demonologist
  8355 | D:8      | Reached XP level 10. HP: 60/65 MP: 10/10
  8404 | D:8      | Noticed Psyche
  8522 | D:8      | Killed a cyclops
  8523 | D:8      | Reached skill level 9 in Fighting
  8565 | D:8      | Reached **** piety under Okawaru
  8622 | D:8      | Killed Psyche
  8849 | D:9      | Slain by a chaos spawn

Illustrated notes

Levels and vault maps discovered:
D:1:      dpeg_arrival_connections, layout_loops_ring
D:2:      layout_basic, basic_altar
D:3:      layout_basic, chequers_serial_rivers_micro_e
D:4:      layout_gridville, serial_shops, nicolae_shop_advertising_works
          [nicolae_subvault_shop_adworks]
D:5:      layout_basic, nicolae_wu_jian_wuxing_cycle,
          nicolae_dithmenos_the_darkroom, minmay_temple_entry_overgrown,
          hangedman_decor_push, corexii_corridor_pit, grunt_ministairs_4
D:6:      layout_basic, uniq_crazy_yiuf_cottage
D:7:      layout_loops_ring, mainiacjoe_overflow_paths, dk_noncrumbling_4,
          uniq_duvessa, uniq_joseph
D:8:      minmay_curly_fans, layout_basic, onia_ninara_dug_in_and_dangerous,
          uniq_psyche
D:9:      layout_roguey, lemuel_zombie_altar_kikubaaqudgha, serial_shops, shop,
          small_chamber_with_monster, minmay_guarded_unrand_variability
Temple:   eino_narrow_crystal_temple

Skill      XL: |  1  2  3  4  5  6  7  8  9 10 |
---------------+-------------------------------+-----
Fighting       | 4 5 6 7 8 9 |  9.2
Maces & Flails | 3 4 5 6 8 |  8.6
Armour         | 4 5 7 8 |  8.1
Shields        | 4 5 |  5.7
Throwing       | 1 |  1.8
Dodging        | 1 |  1.9
Stealth        | 1 |  1.4
Evocations     | 1 |  1.6
Invocations    | |  0.4

Action                   |  1- 3 |  4- 6 |  7- 9 | 10-12 || total
-------------------------+-------+-------+-------+-------++-------
Melee: Flail             |   102 |   219 |   364 |    59 ||   744
Throw: Stone             |     4 |    12 |     5 |       ||    21
       Throwing net      |       |     1 |     2 |       ||     3
       Dart              |       |       |     6 |     2 ||     8
Invok: Heroism           |       |       |     1 |     2 ||     3
       Finesse           |       |       |       |     1 ||     1
Evoke: Wand              |       |       |    11 |    11 ||    22
  Use: Scroll            |       |     8 |     7 |     1 ||    16
       Potion            |       |     1 |     2 |       ||     3
Armor: Scale mail        |    63 |    60 |       |       ||   123
       Chain mail        |       |    46 |   236 |    16 ||   298
       Plate armour      |       |       |       |     5 ||     5
Dodge: Dodged            |    53 |    88 |    99 |    17 ||   257
Block: Buckler           |    24 |    43 |    78 |     8 ||   153
